General information
- name: BNet
- type: Ladder team game (AT/RT)
- host: Battle.net
- saver: Merkwurdigliebe
map: Deadlands
- players: 8
- length: 35:16
- speed: Fast
- version: 1.27 W3XP
- replay type: Public
» download(210 KB)
Players
team 1 (loser)

»
ifoundagame (
green | 37 APM | 732 actions | 19:52)
3 Death Knight
2 Death Coil
1 Death Pact
2 Crypt Lord
1 Carrion Beetles
1 Spiked Carapace
» actions
| Assign group hotkey | 2 | |
| Build / train | 48 | |
| Enter build submenu | 25 | |
| Enter hero's abilities submenu | 5 | |
| Give item / drop item | 2 | |
| Right click | 405 | |
| Select / deselect | 193 | |
| Select group hotkey | 3 | |
| Use ability | 49 | |
732 total
» units
| Acolyte | 7 | |
| Ghoul | 4 | |
| Crypt Fiend | 5 | |
| Gargoyle | 7 | |
| Frost Wyrm | 3 | |
| Druid of the Claw | 3 | |
29 total
» upgrades
| Creature Attack | 2 | |
| Creature Carapace | 1 | |
| Web | 1 | |
4 total
» buildings
| Crypt | 1 | |
| Ziggurat | 12 | |
| Altar of Darkness | 1 | |
| Graveyard | 1 | |
| Tomb of Relics | 1 | |
| Nerubian Tower | 2 | |
| Spirit Tower | 2 | |
| Halls of the Dead | 1 | |
| Necropolis | 1 | |
| Black Citadel | 1 | |
| Sacrificial Pit | 1 | |
| Boneyard | 3 | |
| Moon Well | 1 | |
28 total
» build order
00:55 Crypt
00:58 Ziggurat
01:06 Altar of Darkness
01:25 Graveyard
01:37 Ziggurat
01:47 Tomb of Relics
02:24 Ziggurat
03:44 Nerubian Tower
03:46 Spirit Tower
05:24 Halls of the Dead
05:29 Necropolis
06:39 Ziggurat
07:56 Ziggurat
07:59 Ziggurat
08:58 Spirit Tower
09:06 Nerubian Tower
09:11 Ziggurat
09:25 Black Citadel
10:02 Ziggurat
10:21 Sacrificial Pit
11:52 Boneyard
11:57 Boneyard
12:00 Ziggurat
12:03 Ziggurat
12:06 Boneyard
12:45 Ziggurat
15:06 Moon Well
17:13 Ziggurat
» items
| Rod of Necromancy | 1 | |
| Scroll of Town Portal | 1 | |
2 total
Orc.T (
red | 60 APM | 1179 actions | 19:46)
3 Blademaster
1 Critical Strike
2 Wind Walk
» actions
| Assign group hotkey | 9 | |
| Basic commands | 4 | |
| Build / train | 63 | |
| ESC pressed | 3 | |
| Enter build submenu | 26 | |
| Enter hero's abilities submenu | 3 | |
| Give item / drop item | 3 | |
| Right click | 599 | |
| Select / deselect | 334 | |
| Select group hotkey | 79 | |
| Use ability | 56 | |
1179 total
» units
| Peon | 11 | |
| Grunt | 9 | |
| Goblin Shredder | 1 | |
| Wisp | 3 | |
24 total
» upgrades
| Spiked Barricades | 2 | |
| Armor | 2 | |
| Pillage | 1 | |
| Berserker Strength | 1 | |
| Melee Weapons | 1 | |
| Mark of the Claw | 1 | |
| Reinforced Hides | 1 | |
| Strength of the Wild | 1 | |
| Well Spring | 1 | |
| Nature's Blessing | 1 | |
12 total
» buildings
| Altar of Storms | 1 | |
| Orc Burrow | 4 | |
| Barracks | 2 | |
| War Mill | 1 | |
| Voodoo Lounge | 1 | |
| Watch Tower | 4 | |
| Stronghold | 1 | |
| Spirit Lodge | 1 | |
| Fortress | 2 | |
| Moon Well | 1 | |
| Great Hall | 1 | |
19 total
» build order
00:04 Altar of Storms
00:22 Orc Burrow
00:57 Barracks
01:37 Orc Burrow
02:10 Barracks
02:29 War Mill
02:38 Orc Burrow
03:47 Voodoo Lounge
04:08 Watch Tower
05:24 Orc Burrow
06:57 Stronghold
09:26 Spirit Lodge
12:09 Fortress
12:10 Fortress
12:37 Watch Tower
12:39 Watch Tower
12:43 Watch Tower
15:35 Moon Well
18:39 Great Hall
» items
| Healing Salve | 2 | |
| Boots of Speed | 1 | |
| Potion of Lesser Invulnerability | 1 | |
| Staff of Teleportation | 1 | |
| Dust of Appearance | 1 | |
| Potion of Healing | 2 | |
| Potion of Mana | 1 | |
9 total
DrLove (
pink | 52 APM | 1787 actions | 34:32)
7 Archmage
3 Summon Water Elemental
3 Brilliance Aura
1 Mass Teleport
» actions
| Assign group hotkey | 105 | |
| Basic commands | 38 | |
| Build / train | 85 | |
| Enter build submenu | 59 | |
| Enter hero's abilities submenu | 8 | |
| Give item / drop item | 4 | |
| Remove unit from queue | 1 | |
| Right click | 721 | |
| Select / deselect | 384 | |
| Select group hotkey | 202 | |
| Use ability | 180 | |
1787 total
» units
| Peasant | 12 | |
| Footman | 5 | |
| Goblin Shredder | 5 | |
| Gryphon Rider | 10 | |
| Dragonhawk Rider | 2 | |
34 total
» upgrades
| Lumber Harvesting | 1 | |
| Masonry | 3 | |
| Swords | 3 | |
| Armor | 3 | |
| Animal War Training | 1 | |
| Storm Hammers | 1 | |
| Cloud | 1 | |
13 total
» buildings
| Altar of Kings | 1 | |
| Barracks | 1 | |
| Farm | 11 | |
| Scout Tower | 34 | |
| Arcane Tower | 1 | |
| Arcane Vault | 2 | |
| Lumber Mill | 2 | |
| Keep | 1 | |
| Town Hall | 3 | |
| Guard Tower | 6 | |
| Castle | 1 | |
| Gryphon Aviary | 4 | |
| Blacksmith | 2 | |
69 total
» build order
00:37 Altar of Kings
00:48 Barracks
00:50 Farm
00:51 Farm
01:05 Farm
01:06 Farm
01:35 Farm
02:10 Scout Tower
03:08 Arcane Tower
03:11 Arcane Vault
03:26 Lumber Mill
04:32 Keep
04:42 Town Hall
04:45 Scout Tower
04:45 Scout Tower
04:46 Scout Tower
05:19 Guard Tower
06:51 Farm
07:23 Castle
07:41 Scout Tower
07:43 Scout Tower
07:44 Scout Tower
07:46 Scout Tower
07:48 Scout Tower
08:21 Guard Tower
09:29 Arcane Vault
09:46 Gryphon Aviary
09:46 Gryphon Aviary
09:47 Gryphon Aviary
09:47 Gryphon Aviary
09:54 Lumber Mill
09:57 Blacksmith
10:01 Blacksmith
10:03 Farm
10:07 Farm
10:34 Scout Tower
10:35 Scout Tower
10:35 Scout Tower
10:37 Scout Tower
10:37 Scout Tower
11:08 Guard Tower
14:27 Scout Tower
14:27 Scout Tower
14:32 Scout Tower
14:33 Scout Tower
14:33 Scout Tower
14:34 Scout Tower
15:07 Guard Tower
16:19 Scout Tower
16:19 Scout Tower
16:20 Scout Tower
16:20 Scout Tower
16:20 Scout Tower
16:24 Scout Tower
16:25 Scout Tower
16:25 Scout Tower
16:25 Scout Tower
16:27 Scout Tower
16:28 Scout Tower
16:28 Scout Tower
17:14 Guard Tower
17:33 Guard Tower
18:49 Farm
18:50 Farm
18:50 Farm
21:22 Town Hall
26:51 Town Hall
» items
| Scroll of Regeneration | 6 | |
| Mechanical Critter | 3 | |
| Periapt of Vitality | 1 | |
| Lesser Clarity Potion | 2 | |
| Potion of Healing | 2 | |
| Potion of Mana | 2 | |
| Staff of Sanctuary | 1 | |
| Scroll of Town Portal | 3 | |
20 total

»
Iron_Warrior (
teal | 98 APM | 1383 actions | 14:09)
3 Warden
2 Fan of Knives
1 Blink
1 Keeper of the Grove
1 Entangling Roots
» actions
| Assign group hotkey | 36 | |
| Basic commands | 7 | |
| Build / train | 44 | |
| ESC pressed | 1 | |
| Enter build submenu | 21 | |
| Enter hero's abilities submenu | 5 | |
| Give item / drop item | 1 | |
| Remove unit from queue | 1 | |
| Right click | 841 | |
| Select / deselect | 288 | |
| Select group hotkey | 43 | |
| Use ability | 92 | |
1383 total
» units
| Wisp | 16 | |
| Huntress | 6 | |
| Druid of the Claw | 2 | |
24 total
» upgrades
| Ultravision | 1 | |
| Sentinel | 1 | |
| Druid of the Claw Training | 2 | |
4 total
» buildings
| Altar of Elders | 1 | |
| Moon Well | 4 | |
| Hunter's Hall | 1 | |
| Ancient of War | 1 | |
| Ancient of Wonders | 1 | |
| Ancient Protector | 4 | |
| Tree of Ages | 1 | |
| Tree of Eternity | 1 | |
| Ancient of Lore | 2 | |
16 total
» build order
00:15 Altar of Elders
00:23 Moon Well
01:37 Hunter's Hall
01:48 Ancient of War
02:01 Moon Well
02:15 Ancient of Wonders
03:23 Ancient Protector
03:27 Ancient Protector
03:53 Ancient Protector
05:13 Tree of Ages
06:54 Ancient Protector
07:44 Moon Well
09:05 Tree of Eternity
09:08 Ancient of Lore
09:41 Ancient of Lore
13:35 Moon Well
» items
| Lesser Clarity Potion | 3 | |
| Dust of Appearance | 1 | |
| Potion of Healing | 1 | |
| Scroll of Town Portal | 1 | |
| Staff of Sanctuary | 1 | |
7 total
team 2 (winner)

»
JuST.ThE.TiP (
orange | 47 APM | 1242 actions | 26:16)
6 Mountain King
3 Storm Bolt
2 Bash
1 Avatar
4 Paladin
2 Holy Light
2 Divine Shield
» actions
| Assign group hotkey | 23 | |
| Basic commands | 176 | |
| Build / train | 112 | |
| Enter build submenu | 38 | |
| Enter hero's abilities submenu | 10 | |
| Give item / drop item | 1 | |
| Remove unit from queue | 8 | |
| Right click | 221 | |
| Select / deselect | 272 | |
| Select group hotkey | 292 | |
| Use ability | 89 | |
1242 total
» units
| Peasant | 16 | |
| Rifleman | 11 | |
| Mortar Team | 12 | |
| Flying Machine | -1 | |
38 total
» upgrades
| Gunpowder | 3 | |
| Armor | 3 | |
| Long Rifles | 1 | |
| Lumber Harvesting | 1 | |
| Flare | 1 | |
| Fragmentation Shards | 1 | |
| Flak Cannons | 1 | |
11 total
» buildings
| Altar of Kings | 1 | |
| Barracks | 1 | |
| Farm | 13 | |
| Blacksmith | 1 | |
| Arcane Vault | 1 | |
| Scout Tower | 10 | |
| Arcane Tower | 4 | |
| Lumber Mill | 1 | |
| Keep | 4 | |
| Town Hall | 1 | |
| Guard Tower | 4 | |
| Workshop | 4 | |
| Castle | 2 | |
47 total
» build order
00:10 Altar of Kings
00:41 Barracks
00:53 Farm
00:59 Blacksmith
01:51 Farm
02:10 Arcane Vault
02:27 Farm
03:03 Farm
03:06 Scout Tower
03:32 Farm
03:36 Arcane Tower
03:36 Arcane Tower
04:39 Lumber Mill
05:43 Keep
05:43 Keep
05:43 Keep
05:54 Scout Tower
06:01 Scout Tower
06:08 Scout Tower
06:45 Town Hall
06:51 Guard Tower
06:54 Guard Tower
07:01 Scout Tower
07:07 Scout Tower
08:58 Farm
09:01 Workshop
09:45 Castle
09:49 Arcane Tower
09:50 Guard Tower
09:50 Guard Tower
10:06 Workshop
11:15 Farm
14:27 Farm
14:27 Farm
14:28 Farm
14:28 Farm
14:29 Farm
18:17 Farm
22:09 Workshop
22:10 Workshop
23:12 Scout Tower
23:15 Scout Tower
23:16 Scout Tower
23:18 Scout Tower
» items
| Scroll of Regeneration | 5 | |
| Lesser Clarity Potion | 5 | |
| Scroll of Town Portal | 2 | |
| Potion of Healing | 2 | |
14 total
Merkwurdigliebe (
yellow | 83 APM | 2923 actions | 35:16)
5 Death Knight
3 Death Coil
2 Unholy Aura
4 Lich
2 Frost Nova
2 Frost Armor
» actions
| Assign group hotkey | 43 | |
| Basic commands | 210 | |
| Build / train | 156 | |
| ESC pressed | 1 | |
| Enter build submenu | 36 | |
| Enter hero's abilities submenu | 9 | |
| Give item / drop item | 7 | |
| Right click | 1036 | |
| Select / deselect | 398 | |
| Select group hotkey | 885 | |
| Use ability | 142 | |
2923 total
» units
| Acolyte | 14 | |
| Ghoul | 1 | |
| Crypt Fiend | 15 | |
| Goblin Shredder | 4 | |
| Goblin Zeppelin | 1 | |
| Obsidian Statue | 3 | |
| Abomination | 2 | |
| Goblin Sapper | 3 | |
43 total
» upgrades
| Creature Attack | 3 | |
| Burrow | 1 | |
| Web | 1 | |
| Creature Carapace | 3 | |
| Destroyer Form | 1 | |
| Disease Cloud | 1 | |
| Ghoul Frenzy | 1 | |
| Unholy Armor | 3 | |
| Unholy Strength | 3 | |
| Cannibalize | 1 | |
| Backpack | 1 | |
19 total
» buildings
| Graveyard | 1 | |
| Crypt | 2 | |
| Ziggurat | 12 | |
| Altar of Darkness | 1 | |
| Tomb of Relics | 1 | |
| Necropolis | 2 | |
| Halls of the Dead | 5 | |
| Nerubian Tower | 11 | |
| Spirit Tower | 18 | |
| Slaughterhouse | 2 | |
| Black Citadel | 4 | |
| Sacrificial Pit | 1 | |
| Boneyard | 2 | |
62 total
» build order
00:16 Graveyard
00:20 Crypt
00:28 Ziggurat
00:48 Altar of Darkness
01:05 Ziggurat
01:39 Tomb of Relics
02:18 Ziggurat
04:30 Necropolis
04:43 Ziggurat
06:17 Halls of the Dead
06:18 Halls of the Dead
06:18 Halls of the Dead
07:00 Ziggurat
08:34 Nerubian Tower
08:35 Nerubian Tower
08:35 Nerubian Tower
08:49 Spirit Tower
08:49 Spirit Tower
09:08 Slaughterhouse
09:15 Crypt
10:10 Black Citadel
10:10 Black Citadel
10:11 Black Citadel
10:11 Nerubian Tower
10:12 Nerubian Tower
10:12 Nerubian Tower
10:31 Ziggurat
11:41 Ziggurat
11:45 Ziggurat
11:49 Slaughterhouse
11:51 Sacrificial Pit
14:35 Spirit Tower
14:36 Spirit Tower
14:36 Spirit Tower
14:37 Spirit Tower
14:37 Spirit Tower
14:38 Spirit Tower
14:57 Necropolis
17:10 Ziggurat
17:11 Ziggurat
17:12 Ziggurat
17:39 Ziggurat
18:21 Spirit Tower
18:22 Spirit Tower
18:23 Nerubian Tower
18:23 Nerubian Tower
18:30 Spirit Tower
18:30 Spirit Tower
20:27 Boneyard
20:29 Boneyard
» items
| Rod of Necromancy | 3 | |
| Sacrificial Skull | 6 | |
| Scroll of Regeneration | 2 | |
| Lesser Clarity Potion | 2 | |
| Healing Salve | 1 | |
| Periapt of Vitality | 1 | |
| Potion of Lesser Invulnerability | 1 | |
| Orb of Corruption | 1 | |
| Scroll of Town Portal | 2 | |
| Tiny Great Hall | 1 | |
| Orb of Lightning | 1 | |
21 total
BLUEEYEDKID. (
blue | 57 APM | 1970 actions | 34:32)
4 Blademaster
2 Wind Walk
2 Critical Strike
3 Shadow Hunter
1 Hex
2 Healing Wave
» actions
| Assign group hotkey | 31 | |
| Basic commands | 96 | |
| Build / train | 51 | |
| Enter build submenu | 21 | |
| Enter hero's abilities submenu | 7 | |
| Right click | 914 | |
| Select / deselect | 236 | |
| Select group hotkey | 512 | |
| Use ability | 102 | |
1970 total
» units
| Peon | 9 | |
| Wind Rider | 7 | |
| Goblin Shredder | 1 | |
| Troll Batrider | 7 | |
| Raider | 1 | |
25 total
» upgrades
| Ranged Weapons | 2 | |
| Armor | 2 | |
| Reinforced Defenses | 1 | |
| Envenomed Spears | 1 | |
6 total
» buildings
| Altar of Storms | 1 | |
| Orc Burrow | 7 | |
| War Mill | 2 | |
| Voodoo Lounge | 2 | |
| Watch Tower | 7 | |
| Stronghold | 1 | |
| Beastiary | 3 | |
| Fortress | 1 | |
| Great Hall | 1 | |
25 total
» build order
00:08 Altar of Storms
00:20 Orc Burrow
00:41 War Mill
01:06 Voodoo Lounge
01:54 Watch Tower
02:21 Watch Tower
02:37 Watch Tower
04:09 Stronghold
04:14 Watch Tower
04:15 Watch Tower
04:17 Orc Burrow
04:17 Orc Burrow
04:55 Orc Burrow
06:55 Beastiary
06:56 Beastiary
06:59 Fortress
10:22 Watch Tower
10:23 Watch Tower
14:15 Great Hall
14:18 Orc Burrow
14:18 Orc Burrow
14:18 Orc Burrow
15:46 War Mill
16:54 Voodoo Lounge
17:02 Beastiary
» items
| Healing Salve | 1 | |
| Lesser Clarity Potion | 4 | |
| Orb of Lightning | 1 | |
| Scroll of Town Portal | 1 | |
| Staff of Teleportation | 2 | |
9 total
Tween-80 (
purple | 48 APM | 1659 actions | 34:32)
6 Blademaster
2 Wind Walk
3 Critical Strike
1 Bladestorm
» actions
| Assign group hotkey | 32 | |
| Basic commands | 101 | |
| Build / train | 49 | |
| Enter build submenu | 21 | |
| Enter hero's abilities submenu | 7 | |
| Give item / drop item | 1 | |
| Remove unit from queue | 2 | |
| Right click | 702 | |
| Select / deselect | 268 | |
| Select group hotkey | 406 | |
| Use ability | 70 | |
1659 total
» units
| Peon | 8 | |
| Grunt | 4 | |
| Troll Batrider | 10 | |
| Kodo Beast | 1 | |
| Troll Witch Doctor | 2 | |
| Raider | 1 | |
26 total
» upgrades
| Ranged Weapons | 1 | |
| Berserker Strength | 1 | |
| Liquid Fire | 1 | |
| War Drums Damage Increase | 1 | |
| Witch Doctor Training | 2 | |
| Ensnare | 1 | |
7 total
» buildings
| Altar of Storms | 1 | |
| Orc Burrow | 7 | |
| Barracks | 1 | |
| Stronghold | 1 | |
| Voodoo Lounge | 1 | |
| War Mill | 1 | |
| Beastiary | 4 | |
| Fortress | 1 | |
| Spirit Lodge | 1 | |
| Great Hall | 2 | |
20 total
» build order
00:08 Altar of Storms
00:21 Orc Burrow
00:39 Barracks
01:25 Orc Burrow
02:52 Stronghold
03:43 Voodoo Lounge
04:20 War Mill
04:51 Orc Burrow
05:43 Beastiary
05:47 Beastiary
05:57 Beastiary
06:02 Beastiary
07:12 Orc Burrow
07:17 Orc Burrow
08:00 Fortress
08:30 Orc Burrow
10:12 Spirit Lodge
22:58 Great Hall
23:02 Orc Burrow
27:30 Great Hall
» items
| Circlet of Nobility | 1 | |
| Healing Salve | 2 | |
| Scroll of Town Portal | 1 | |
| Boots of Speed | 1 | |
5 total
Chat log
(00:08 / All) DrLove: THEY CALL ME
(00:11 / All) DrLove: they call me Dr Love
(00:15 / All) DrLove: I got the cure you're thinking of!
(00:15 / All) Orc.T: lmfao
(00:32 / All) Iron_Warrior: Makes sense tho
(00:34 / All) BLUEEYEDKID.: hate the movie was bored of it after 20 min
(00:35 / All) Iron_Warrior: cuz it's your name
(00:56 / All) DrLove: it's a kiss song, boi
(01:34 / All) BLUEEYEDKID.: South Park or Family Guy?
(01:44 / All) DrLove: Squidbillies
(03:04 / All) BLUEEYEDKID.: god damn creep got exp
(04:22 / All) BLUEEYEDKID.: aint ur day teal
(04:48 / Allies) Merkwurdigliebe: nice last minute xp leech bitch lol
(04:53 / All) DrLove: AND I SWEAR THAT I DONT HAVE A GUN
(04:55 / Allies) Merkwurdigliebe: bring your bm at the last fucking second
(04:56 / All) DrLove: NO I DONT HAVE A GUN
(05:04 / All) DrLove: YEEEEAAAAHHHHHH
(05:27 / Allies) Merkwurdigliebe: thanks for the item buddy
(07:23 / Allies) Merkwurdigliebe: wood me a bit
(09:15 / Allies) BLUEEYEDKID.: oj
(09:17 / Allies) BLUEEYEDKID.: lets nuke heroes
(09:19 / Allies) BLUEEYEDKID.: in 2 min
(09:24 / Allies) Merkwurdigliebe: I got nukes too
(09:25 / Allies) Merkwurdigliebe: dk lich
(09:39 / Allies) BLUEEYEDKID.: lets hit green expo or reds possibly
(10:08 / Allies) BLUEEYEDKID.: focus nothing but heroes
(11:04 / Allies) BLUEEYEDKID.: green dk
(11:24 / Allies) Merkwurdigliebe: omw
(12:01 / Allies) BLUEEYEDKID.: lets hit red now
(12:09 / Allies) Merkwurdigliebe: hit red idiot
(12:09 / Allies) BLUEEYEDKID.: skip pink
(12:32 / Allies) Merkwurdigliebe: nuke bm?
(13:05 / Allies) Merkwurdigliebe: nuke
(14:02 / All) Merkwurdigliebe: raped lol
(16:24 / Allies) BLUEEYEDKID.: stay there
(16:26 / Allies) BLUEEYEDKID.: at my exp purp
(16:52 / All) DrLove: DUN DUNNA DUNNA DUN DUN
(16:54 / All) DrLove: BAT FAGGOT
(18:40 / Allies) BLUEEYEDKID.: green gonna hit me get ready to tp
(19:16 / Allies) Merkwurdigliebe: tp
(19:21 / Allies) Tween-80: tp?
(19:24 / Allies) Merkwurdigliebe: tp
(19:27 / All) DrLove: god this is fucking annoying
(19:29 / All) DrLove: fighting purple and orange
(19:47 / All) DrLove: greene is a fucking retard
(19:58 / All) DrLove: DURRRR
(20:02 / All) DrLove: IM GONNA ATTACK TOWERED BASE
(20:04 / All) Merkwurdigliebe: wow didn't even lose anything
(20:05 / All) Merkwurdigliebe: LOL
(20:08 / All) DrLove: INSTEAD OF HELP MY ALLY KEEP OUR ONLY EXPANSION
(20:11 / All) DrLove: VS 1 OPPONENT
(20:16 / All) DrLove: DURRRRrrr
(20:31 / All) DrLove: kill this nigger orange already
(20:33 / All) DrLove: and purple
(21:59 / Allies) JuST.ThE.TiP: wtf blue?
(22:05 / All) BLUEEYEDKID.: TRUMP #1
(22:28 / All) DrLove: purple just picked off the acos
(22:37 / All) BLUEEYEDKID.: YEA GO COPTERS VS ME
(22:40 / All) DrLove: got my suspicions up
(22:49 / Allies) Merkwurdigliebe: thanks for the base purple
(22:57 / All) DrLove: you gave my pig a disease
(23:06 / All) Merkwurdigliebe: lawl
(23:10 / All) BLUEEYEDKID.: learning lesson for u oj- learn2 talk
(23:14 / All) Merkwurdigliebe: I didn't know you could disease critters
(23:16 / All) Merkwurdigliebe: never thought of it]
(23:29 / All) BLUEEYEDKID.: OUT OJ
(23:30 / All) BLUEEYEDKID.: OUT
(23:35 / Allies) Merkwurdigliebe: out
(23:35 / All) DrLove: please kill this purp faggo
(23:36 / Allies) Merkwurdigliebe: you both lose
(24:07 / Allies) Merkwurdigliebe: I got orange
(24:08 / Allies) Merkwurdigliebe: go kill purp
(24:09 / Allies) Merkwurdigliebe: up top
(25:16 / All) BLUEEYEDKID.: ownedddddddd
(25:18 / All) BLUEEYEDKID.: lolz
(25:22 / Allies) Merkwurdigliebe: out
(25:23 / Allies) Merkwurdigliebe: you lose
(26:17 / All) BLUEEYEDKID.: whats a tween 80
(26:26 / Allies) Tween-80: you retard
(26:27 / Allies) Merkwurdigliebe: you lose purple
(26:42 / All) BLUEEYEDKID.: im definitely not a retard
(26:43 / All) Merkwurdigliebe: Purp is a scummy XP leeching bitch
(26:48 / All) Merkwurdigliebe: came in at the very last second to take XP
(26:50 / All) Merkwurdigliebe: with his bm
(27:11 / All) DrLove: green makes awesome real time decisions
(27:38 / All) BLUEEYEDKID.: gonna take a break fter this............perhaps til after game of thrones tonight at 6pm pacific
(28:01 / All) BLUEEYEDKID.: purple, game of thrones is great. dont u think?
(28:13 / All) DrLove: TAKE YOUR HATESPEECH OUTTA DIS CAMPUS
(28:23 / All) DrLove: TAKE UR HATE SPEECH OUTTA DIS CAMPUS
(28:28 / All) DrLove: TAKE UR HATE SPEECH OUTTA DIS CAMPUS
(28:36 / All) DrLove: *BREATHES HEAVILY*
(29:02 / All) BLUEEYEDKID.: this is like identical to our lat game, me rod same team and we own bobs team
(29:17 / All) Merkwurdigliebe: Undead is strong in 4v4
(29:30 / All) Merkwurdigliebe: I think I find it easiest to rape people in 4v4 with orc and undead
(29:46 / All) Merkwurdigliebe: human and orc are more chill
(30:27 / All) DrLove: when I just idle the teams that win 3v legit 4 the most often are 2 ud fiend bots
(30:33 / All) DrLove: just massing fiend bots and healing each others dk
(30:38 / All) Merkwurdigliebe: lawl
(30:49 / All) Merkwurdigliebe: It's weird
(30:51 / All) DrLove: most of the time other team too stupid to get morts to counter fiends
(31:02 / All) Merkwurdigliebe: you can't mess up anything like build order but yet you get shit like fiends which work vs everything and are mindless
(32:00 / All) Merkwurdigliebe: Anything to say for yourself purple?
(32:29 / All) Merkwurdigliebe: anything you wanna say for yourself purp?
(32:37 / Allies) Tween-80: no
(32:56 / Allies) Tween-80: nice to know you guy
(33:11 / Allies) Tween-80: have a good Monday
(33:21 / All) DrLove: HALLO FRUM DA OTHER SIDE
(33:27 / All) DrLove: I MUSTA CALLED A HUNDRED TIMES
(33:30 / All) DrLove: 2 TELL U IM SORRY
(33:33 / All) DrLove: fOR EVERYTHING THAT I SAID
(33:55 / Allies) Tween-80: why you did this
(34:06 / Allies) Tween-80: just want to know
(34:12 / Allies) Merkwurdigliebe: It's what I do
(34:18 / All) Merkwurdigliebe: You got until the graveyard unsummons
(34:20 / All) Merkwurdigliebe: for any last words
(34:27 / All) DrLove: FEAR OF A BLACK PLANET